 Dungeon Crawl Stone Soup version 0.26-a0-663-g36e8fdb655 (webtiles) character file.

Game seed: 16271654603878664365

36 flotson the Sneak (level 3, 0/29 HPs)
             Began as a Demonspawn Delver on Oct 10, 2020.
             Succumbed to an adder's poison
             ... on level 3 of the Dungeon.
             The game lasted 00:02:41 (819 turns).

flotson the Sneak (Demonspawn Delver)                Turns: 819, Time: 00:02:42

Health: 0/29       AC:  3    Str: 13    XL:     3   Next: 19%
Magic:  4/4        EV: 12    Int: 11    God:
Gold:   76         SH:  0    Dex: 14    Spells: 2/3 levels left

rFire    . . .     SeeInvis .   a - +0 rapier
rCold    . . .     Faith    .   (no shield)
rNeg     . . .     Spirit   .   h - +0 leather armour
rPois    .         Reflect  .   (helmet restricted)
rElec    .         Harm     .   (no cloak)
rCorr    .         Rampage  .   (no gloves)
MR       .....                  (no boots)
Stlth    ++........             (no amulet)
HPRegen  0.09/turn              (no ring)
MPRegen  0.09/turn              (no ring)

@: mighty, brilliant, lethally poisoned (0 -> -4), hasted, very quick
A: antennae 1, demonic guardian 1
a: no special abilities


You were on level 3 of the Dungeon.
You visited 1 branch of the dungeon, and saw 3 of its levels.

You collected 76 gold pieces.

Inventory:

Hand Weapons
 a - a +0 rapier (weapon)
 g - a +0 hand crossbow
Armour
 h - a +0 leather armour (worn)
Wands
 f - a wand of digging (3)
Scrolls
 b - a scroll of fog
 c - a scroll of magic mapping
 d - a scroll of fear
 i - a scroll of noise {unknown}


   Skills:
 + Level 3.2 Fighting
 + Level 0.8 Throwing
 + Level 1.0 Armour
 + Level 2.1 Dodging
 - Level 4.5 Stealth
 - Level 1.7 Unarmed Combat
 + Level 0.9 Spellcasting
 + Level 0.3 Conjurations


You had 2 spell levels left.
You knew the following spells:

 Your Spells              Type           Power        Failure   Level
a - Magic Dart            Conj           #...         34%         1

Your spell library contained the following spells:

 Spells                   Type           Power        Failure   Level
 Searing Ray              Conj           #.....       47%         2
 Poisonous Vapours        Pois/Air       #.....       54%         2
 Swiftness                Air            #.......     54%         2
 Dazzling Flash           Conj/Hex       #.....       75%         3
 Fulminant Prism          Conj/Hex       #.........   98%         4
 Iskenderun's Mystic Bla  Conj/Tloc      #.......     98%         4
 Freezing Cloud           Conj/Ice/Air   #.........   100%        6
 Tornado                  Air            #.........   100%        9


Dungeon Overview and Level Annotations

Branches:
Dungeon (5/15)
 Temple: D:4-7

Altars:
Ashenzari
Cheibriados
Elyvilon
Hepliaklqana
Makhleb
Qazlal
Ru


Innate Abilities, Weirdness & Mutations

You have a pair of small antennae on your head.
A weak demonic guardian rushes to your aid.


Message History

Found 4 gold pieces.
You see here a buckler.
* * * LOW HITPOINT WARNING * * *
You feel sick.
Found a stone staircase leading down.
You see here 2 inky potions.
It was a potion of brilliance.
You feel clever all of a sudden.
* * * LOW HITPOINT WARNING * * *
You feel sick.
* * * LOW HITPOINT WARNING * * *
You feel sick.
You see here a lumpy sapphire potion.
It was a potion of might.
You feel very mighty all of a sudden.
There is a lethal amount of poison in your body!
Really walk into that teleport trap?
You enter a teleport trap!
The teleport trap disappears.
Your surroundings suddenly seem different.
You die...

..?...... .........
##### .####
#...#### .....
#......# #######
#......# #......
#.@....# #.#####
#......# #.#....
#...†..######.#....
##........[.)......
#.................
#...............#.
#...............+.
#..............##.
####...........+..


There were no monsters in sight!

Vanquished Creatures
  A hound skeleton (D:4)
  2 adders (D:3)
  A goblin (D:3)
  A hobgoblin (D:3)
  A rat (D:3)
6 creatures vanquished.

Notes
Turn   | Place    | Note
-------+----------+-------------------------------------------
     0 | D:5      | flotson the Demonspawn Delver began the quest for the Orb.
     0 | D:5      | Reached XP level 1. HP: 18/18 MP: 1/1
    40 | D:4      | Noticed an ogre
    65 | D:4      | Identified the Tome of Air
    83 | D:4      | Gained mutation: A weak demonic guardian rushes to your
                  | aid. [demonic ancestry]
    83 | D:4      | Reached XP level 2. HP: 11/24 MP: 2/2
   237 | D:4      | Learned a level 1 spell: Magic Dart
   271 | D:3      | Found a hazy altar of Hepliaklqana.
   731 | D:3      | Found a snail-covered altar of Cheibriados.
   745 | D:3      | Found a burning altar of Makhleb.
   746 | D:3      | Found a broken altar of Ashenzari.
   746 | D:3      | Found a stormy altar of Qazlal.
   747 | D:3      | Found a sacrificial altar of Ru.
   748 | D:3      | Found a white marble altar of Elyvilon.
   804 | D:3      | Reached skill level 1 in Armour
   804 | D:3      | Gained mutation: You have a pair of small antennae on your
                  | head. [demonic ancestry]
   804 | D:3      | Reached XP level 3. HP: 4/29 MP: 4/4
   814 | D:3      | HP: 1/29 [poisoned by an adder]
   819 | D:3      | Succumbed to an adder's poison

Illustrated notes

Levels and vault maps discovered:
D:3:      layout_basic, minitemple, gammafunk_ghost_grave, uniq_sigmund
D:4:      layout_basic
D:5:      layout_basic, lemuel_temple_firewalk_b

Skill      XL: |  1  2 |
---------------+-------+-----
Dodging        | 2 |  2.1
Armour         | 1 |  1.0
Fighting       | |  3.2
Throwing       | |  0.8
Stealth        | |  4.5
Unarmed Combat | |  1.7
Spellcasting   | |  0.9
Conjurations   | |  0.3

Action                   || total
-------------------------++-------
Melee: Unarmed           ||    25
       Rapier            ||    22
  Use: Potion            ||     3
 Stab: Sleeping          ||     1
Armor: Leather armour    ||    10
Dodge: Dodged            ||    30

Table legend: (Time is in decaauts)
 A = Elapsed time spent in this place.
 B = Non-inter-level travel time spent in this place.
 C = Inter-level travel time spent in this place.
 D = Time resting spent in this place.
 E = Time spent auto-exploring this place.
 F = Levels seen in this place.
 G = Mean time per level.
                   A        B        C        D        E       F      G
               +--------+--------+--------+--------+--------+-----+--------+
         Total |    815 |    815 |      0 |    394 |    252 |   3 |  271.7 |
       Dungeon |    815 |    815 |      0 |    394 |    252 |   3 |  271.7 |
               +--------+--------+--------+--------+--------+-----+--------+

Top non-repeatable levels by time:
     D:3: 549 daAuts
     D:4: 233 daAuts
     D:5: 33 daAuts
